 Dungeon Crawl Stone Soup version 0.22-a0-284-g99d1f74 (webtiles) character file.

32 grindst0ne the Magician (level 3, -1/19 HPs)
             Began as a Deep Elf Earth Elementalist on Mar 21, 2018.
             Slain by a sky beast (6 damage)
             ... on level 2 of the Dungeon.
             The game lasted 00:02:42 (1171 turns).

grindst0ne the Magician (DEEE)                      Turns: 1171, Time: 00:02:43

Health: -1/19      AC:  2    Str:  5    XL:     3   Next: 8%
Magic:  17/19      EV: 13    Int: 20    God:
Gold:   85         SH:  0    Dex: 15    Spells: 4/10 levels left

rFire    . . .     SeeInvis .   i - +3 short sword (distort)
rCold    . . .     Gourm    .   (no shield)
rNeg     . . .     Faith    .   c - +0 robe
rPois    .         Spirit   .   (no helmet)
rElec    .         Reflect  .   (no cloak)
rCorr    .         Harm     .   (no gloves)
MR       .....                  (no boots)
Stlth    ++........             (no amulet)
HPRegen  0.06/turn              j - ring of magical power
MPRegen  0.16/turn              (no ring)

@: no status effects
A: no striking features
a: no special abilities


You were on level 2 of the Dungeon.
You were hungry.

You visited 1 branch of the dungeon, and saw 2 of its levels.

You collected 85 gold pieces.

Inventory:

Hand Weapons
 i - a +3 short sword of distortion (weapon)
Missiles
 b - 30 stones (quivered)
Armour
 c - a +0 robe (worn)
Jewellery
 j - a ring of magical power (left hand)
Wands
 n - a wand of acid (7)
Scrolls
 a - 4 scrolls of remove curse {unknown}
 e - a scroll of identify {unknown}
 g - a scroll of enchant weapon {unknown}
 k - 2 scrolls of amnesia {unknown}
Potions
 f - a potion of lignification {unknown}
 h - a potion of heal wounds {unknown}
 l - 2 potions of flight {unknown}
Comestibles
 d - 2 rations
 m - 4 chunks of flesh


   Skills:
 - Level 2.4 Dodging
 - Level 2.4 Stealth
 + Level 4.1 Spellcasting
 - Level 1.1 Transmutations
 + Level 4.0 Earth Magic


You had 4 spell levels left.
You knew the following spells:

 Your Spells              Type           Power        Failure   Level  Hunger
a - Sandblast             Erth           ###...       2%          1    None
b - Passwall              Tmut/Erth      ##........   7%          2    #......
c - Stone Arrow           Conj/Erth      ##....       17%         3    ###....


Dungeon Overview and Level Annotations

Branches:
Dungeon (2/15)

Altars:


Message History

The sky beast flickers out of sight!
Deactivating autopickup; reactivate with Ctrl-A.
Something hits you. Something shocks you.
You see here a club.
A sky beast appears from thin air!
Reactivating autopickup.
Casting: Sandblast (safe; 2% risk of failure)
Confirm with . or Enter, or press ? or * to list all spells.
Aiming: Sandblast (safe; 2% risk of failure)
Press: ? - help, Shift-Dir - straight line, f/p - sky beast
Aim: a sky beast (heavily wounded)
The blast of sand misses the sky beast.
The blast of sand hits the kobold.
You kill the kobold!
b - 30 stones The sky beast flickers out of sight!
Deactivating autopickup; reactivate with Ctrl-A.
Something hits you.
* * * LOW HITPOINT WARNING * * *
Something shocks you.
You die...

#.........(...#
#####......♣......#
#...#....##.##....#
###...#....#...#(...#
#.....#...♣..♣..♣§..#
#.....#....#...#.)..#
#.....#....##.##)...#
#####...#......♣.{....#
........#.......@.....#
#######.#.............#
#.#.............#
#.#######'#######
#.........# ###########


There were no monsters in sight!

Vanquished Creatures
  2 leopard geckos
  5 hobgoblins
  8 bats
  3 frilled lizards (D:1)
  3 goblins
  4 kobolds
  6 rats
31 creatures vanquished.

Notes
Turn   | Place    | Note
-------+----------+-------------------------------------------
     0 | D:1      | grindst0ne the Deep Elf Earth Elementalist began the quest for the Orb.
     0 | D:1      | Reached XP level 1. HP: 10/10 MP: 6/6
   168 | D:1      | Reached XP level 2. HP: 15/15 MP: 4/8
   172 | D:1      | Learned a level 2 spell: Passwall
  1091 | D:2      | Reached XP level 3. HP: 16/19 MP: 10/10
  1110 | D:2      | Noticed a sky beast
  1143 | D:2      | Learned a level 3 spell: Stone Arrow
  1171 | D:2      | Slain by a sky beast

Vault maps used:
D:1:      dpeg_arrival_circle_labyrinth_a, kennysheep_crisscross,
          kennysheep_pointless_box, minmay_misc_feat_room, minmay_pentomino_o2
D:2:      kennysheep_generic_room_2

Skill      XL: |  1  2 |
---------------+-------+-----
Spellcasting   | 4 |  4.1
Earth Magic    | 4 |  4.0
Dodging        | |  2.4
Stealth        | |  2.4
Transmutations | |  1.1

Action                   || total
-------------------------++-------
Melee: Short sword       ||     8
 Cast: Sandblast         ||    40
Armor: Robe              ||     5
Dodge: Dodged            ||    19

Table legend:
 A = Spawn XP
 B = Non-spawn XP
 C = Spawn XP percentage of total XP
 D = Spawn monster count
 E = Non-spawn monster count
 F = Spawn count percentage of total count
 G = Total turns spent on level
                    A         B        C        D         E        F      G
               +---------+---------+-------+---------+---------+-------+---------
         Total |       0 |      46 |   0.0 |       0 |      31 |   0.0 |  1171
               +---------+---------+-------+---------+---------+-------+---------
           D:1 |       0 |      32 |   0.0 |       0 |      23 |   0.0 |   979
           D:2 |       0 |      14 |   0.0 |       0 |       8 |   0.0 |   192
               +---------+---------+-------+---------+---------+-------+---------
